 Dungeon Crawl Stone Soup version 0.25-a0-424-g80bd347ae0 (webtiles) character file.

Game seed: 15879471318132531601, levelgen mode: deterministic

422 kae the Tainter (level 6, -6/49 HPs)
             Began as a Naga Venom Mage on Jan 23, 2020.
             Mangled by an ice beast (11 damage)
             ... on level 5 of the Dungeon.
             The game lasted 00:07:23 (5374 turns).

kae the Tainter (Naga Venom Mage)                   Turns: 5374, Time: 00:07:24

Health: -6/49      AC:  3    Str: 11    XL:     6   Next: 95%
Magic:  17/21      EV: 10    Int: 17    God:
Gold:   249        SH:  0    Dex: 11    Spells: 3/13 levels left

rFire    . . .     SeeInvis +   r - +0 spear
rCold    . . .     Gourm    .   (no shield)
rNeg     . . .     Faith    .   a - +0 robe
rPois    +         Spirit   .   (no helmet)
rElec    .         Reflect  .   (no cloak)
rCorr    +         Harm     .   (no gloves)
MR       .....                  (no barding)
Stlth    ++........             (no amulet)
HPRegen  0.16/turn              k - ring of resist corrosion
MPRegen  0.17/turn              j - ring of magical power

@: very slow
A: large, see invisible, deformed body, poison resistance, slowness 2, slow
metabolism 1, spit poison 1, AC +2
a: Spit Poison


You were on level 5 of the Dungeon.
You were not hungry.

You visited 1 branch of the dungeon, and saw 5 of its levels.

You collected 249 gold pieces.

Inventory:

Hand Weapons
 r - a +0 spear (weapon)
Armour
 a - a +0 robe (worn)
Jewellery
 j - a ring of magical power (right hand)
 k - a ring of resist corrosion (left hand)
Wands
 u - a wand of paralysis (7)
Scrolls
 f - a scroll of magic mapping
 n - 2 scrolls of teleportation
 p - 2 scrolls of remove curse
 q - a scroll of fog
 t - a scroll of enchant armour {unknown}
Potions
 b - 2 potions of brilliance
 d - 2 potions of heal wounds
 e - 2 potions of agility {unknown}
 g - 2 potions of curing
 h - a potion of degeneration {unknown}
 i - a potion of ambrosia {unknown}
 m - 2 potions of flight {unknown}
 o - a potion of might
 s - a potion of mutation {unknown}
Comestibles
 c - 5 rations


   Skills:
 - Level 1.5 Dodging
 - Level 3.0 Stealth
 + Level 4.0 Spellcasting
 - Level 1.0 Transmutations
 * Level 8.5 Poison Magic


You had 3 spell levels left.
You knew the following spells:

 Your Spells              Type           Power        Failure   Level  Hunger
a - Sting                 Tmut/Pois      ###.         2%          1    None
b - Poisonous Vapours     Pois/Air       ###...       4%          2    ##.....
c - Olgreb's Toxic Radia  Pois           ####....     4%          4    ####...
d - Ignite Poison         Fire/Tmut/Pois ##......     13%         3    ###....

Your spell library contained the following spells:

 Spells                   Type           Power        Failure   Level  Hunger
 Mephitic Cloud           Conj/Pois/Air  ##......     14%         3    ###....


Dungeon Overview and Level Annotations

Branches:
Dungeon (5/15)
 Temple: D:4-7

Altars:


Innate Abilities, Weirdness & Mutations

You cannot wear boots.
Your serpentine skin is tough. (AC +2)
You have supernaturally acute eyesight. (SInv)
Armour fits poorly on your strangely shaped body.
Your system is resistant to poisons. (rPois)
You cover ground very slowly.
You have a slow metabolism.
You can spit poison.


Message History

The ice beast looks more healthy.
The ice beast hits you. The ice beast freezes you!
Casting: Sting (safe; 2% risk of failure)
Confirm with . or Enter, or press ? or * to list all spells.
Aiming: Sting (safe; 2% risk of failure)
Press: ? - help, Shift-Dir - straight line, f/p - ice beast
Aim: an ice beast (severely wounded)
The sting misses the ice beast.
The ice beast hits you.
* * * LOW HITPOINT WARNING * * *
The ice beast freezes you!
* * * LOW HITPOINT WARNING * * *
Casting: Sting (safe; 2% risk of failure)
Confirm with . or Enter, or press ? or * to list all spells.
Aiming: Sting (safe; 2% risk of failure)
Press: ? - help, Shift-Dir - straight line, f/p - ice beast
Aim: an ice beast (severely wounded)
The sting misses the ice beast.
The ice beast hits you.
* * * LOW HITPOINT WARNING * * *
The ice beast freezes you!
You die...

#...###.
...........####...## #.
.[............#... ..
................. ..
..............# ....
.....#.......# #....
#...#.......##.....
#...........#......
##.@............#...
#.Y.#..........# ...
#..###........###...
#.......# ###.......##..#
.......## ###.....#...#
......#######............
......#..................
5..... .##.......^......
.....# ##.##..........


You could see an ice beast.

Vanquished Creatures
  An orc priest (D:5)
  A centaur skeleton (D:4)
  2 orc wizards (D:5)
  3 iguanas
  2 worker ants (D:5)
  A hound skeleton (D:4)
  7 gnolls
  2 adders
  An adder skeleton (D:3)
  A worm (D:2)
  A dart slug (D:3)
  4 leopard geckos
  4 orcs
  A giant cockroach (D:2)
  3 goblins
  6 hobgoblins
  7 jackals
  9 kobolds
  3 quokkas
  11 bats
  6 frilled lizards
  2 leopard gecko skeletons
  9 rats
87 creatures vanquished.

Notes
Turn   | Place    | Note
-------+----------+-------------------------------------------
     0 | D:1      | kae the Naga Venom Mage began the quest for the Orb.
     0 | D:1      | Reached XP level 1. HP: 15/15 MP: 3/3
   291 | D:1      | Reached XP level 2. HP: 22/22 MP: 0/5
   739 | D:1      | Learned a level 2 spell: Poisonous Vapours
   786 | D:1      | You fall into a shaft and drop 1 floor!
   845 | D:2      | You fall into a shaft and drop 2 floors!
   970 | D:2      | Reached skill level 5 in Poison Magic
   970 | D:2      | Reached XP level 3. HP: 28/28 MP: 0/6
  1985 | D:2      | Reached XP level 4. HP: 34/36 MP: 6/8
  2476 | D:3      | Reached skill level 6 in Poison Magic
  3123 | D:3      | Learned a level 4 spell: Olgreb's Toxic Radiance
  3391 | D:4      | Reached XP level 5. HP: 22/42 MP: 1/9
  3882 | D:4      | Reached skill level 7 in Poison Magic
  4170 | D:4      | Reached XP level 6. HP: 23/49 MP: 3/11
  4651 | D:5      | Entered Level 5 of the Dungeon
  4847 | D:5      | Reached skill level 8 in Poison Magic
  4920 | D:5      | Learned a level 3 spell: Ignite Poison
  5350 | D:5      | Noticed an ice beast
  5374 | D:5      | Mangled by an ice beast

Levels and vault maps discovered:
D:1:      saegor_arrival_simple_d, layout_basic, serial_bayou_pond_b
D:2:      layout_rooms, first_ration
D:3:      layout_rooms
D:4:      layout_loops_corners, chequers_serial_rivers_micro_d,
          kennysheep_donut, lightli_corner_chamber
D:5:      layout_cave_pools, minmay_misc_feat_enclosed

Skill      XL: |  1  2  3  4  5  6 |
---------------+-------------------+-----
Poison Magic   | 5 6 7 8 |  8.5
Spellcasting   | 3 4 |  4.0
Dodging        | |  1.5
Stealth        | |  3.0
Transmutations | |  1.0

Action                   |  1- 3 |  4- 6 || total
-------------------------+-------+-------++-------
Melee: Unarmed           |    47 |    45 ||    92
       Spear             |       |    28 ||    28
 Cast: Sting             |    72 |    84 ||   156
       Poisonous Vapours |       |    15 ||    15
       Olgreb's Toxic Ra |       |     3 ||     3
 Abil: Spit Poison       |     2 |    14 ||    16
  Use: Potion            |     1 |     2 ||     3
       Scroll            |       |     9 ||     9
 Stab: Sleeping          |     3 |     2 ||     5
  Eat: Chunk             |     3 |     4 ||     7
       Ration            |       |     2 ||     2
Armor: Robe              |    19 |    23 ||    42
Dodge: Dodged            |    50 |    81 ||   131

Table legend:
 A = Non-vault XP
 B = Vault XP
 C = Vault XP percentage of total XP
 D = Non-vault monster count
 E = Vault monster count
 F = Vault count percentage of total count
                 A         B        C        D         E       F
            +---------+---------+-------+---------+---------+-------
      Total |     602 |       1 |   0.2 |      86 |       1 |   1.1
            +---------+---------+-------+---------+---------+-------
        D:1 |      37 |       1 |   2.6 |      24 |       1 |   4.0
        D:2 |      43 |       0 |   0.0 |      16 |       0 |   0.0
        D:3 |      71 |       0 |   0.0 |      20 |       0 |   0.0
        D:4 |     170 |       0 |   0.0 |      10 |       0 |   0.0
        D:5 |     281 |       0 |   0.0 |      16 |       0 |   0.0
            +---------+---------+-------+---------+---------+-------
